Map: Nekodrec LE

Players

A.I. 7 (Elite)

  • Race: Terran Terran
  • Spawn Location: 0:00

A.I. 6 (Medium)

  • Race: Protoss Protoss
  • Spawn Location: 12:00

A.I. 5 (Harder)

  • Race: Terran Terran
  • Spawn Location: 1:00

A.I. 4 (Hard)

  • Race: Terran Terran
  • Spawn Location: 1:00

Throwfordays - Winner!

  • Race: Protoss Protoss
  • Spawn Location: 12:00

Breakfast - Winner!

  • Race: Terran Terran
  • Spawn Location: 11:00

Prometheus - Winner!

  • Race: Zerg Zerg
  • Spawn Location: 0:00

Faust - Winner!

  • Race: Zerg Zerg
  • League: Diamond
  • Spawn Location: 11:00

VOD

Have the link to the VOD?

Description

Time

  • Played on: Oct. 8, 2020, 6:54 p.m.
  • Length: 18:50
Show
View Real Time Build Order
Export as new Build Order

A.I. 7 (Elite) Terran 

Build Orders:  

Get SALT Encoding   

  12  0:01  SCV  
  13  0:13  SCV  
  14  0:19  Supply Depot  
  14  0:25  SCV  
  15  0:40  SCV  
  16  0:44  Barracks  
  16  0:52  SCV  
  17  1:04  SCV  
  18  1:12  Refinery  
  18  1:14  Supply Depot  
  18  1:16  SCV  
  19  1:29  SCV  
  19  1:30  Marine  
  21  1:43  Command Center  
  21  2:08  SCV, Barracks  
  22  2:13  Marine  
  22  2:14  Factory  
  23  2:20  SCV  
  24  2:27  Supply Depot  
  24  2:30  Marine  
  24  2:32  SCV  
  26  2:44  SCV  
  26  2:48  Marine  
  28  2:55  Orbital Command  
  28  2:56  SCV  
  29  2:59  Factory Tech Lab  
  29  3:03  Refinery  
  29  3:12  Orbital Command  
  29  3:15  Marine  
  29  3:17  Marine  
  31  3:23  SCV  
  32  3:32  Marine  
  33  3:35  Marine, SCV  
  33  3:37  SCV  
  36  3:44  Barracks  
  36  3:47  SCV  
  37  3:50  Marine, SCV  
  37  3:54  Barracks Tech Lab  
  39  3:58  Supply Depot  
  39  3:59  SCV  
  39  4:02  SCV  
  41  4:10  Barracks Tech Lab  
  41  4:11  Marine, SCV  
  41  4:13  Stimpack  
  41  4:14  SCV  
  41  4:15  Siege Tank  
  47  4:23  SCV  
  48  4:26  SCV  
  48  4:27  Marine, Combat Shield  
  48  4:29  Marine  
  48  4:31  Marine  
  52  4:32  Supply Depot  
  52  4:35  SCV  
  52  4:38  SCV, Supply Depot  
  54  4:45  Marine, Engineering Bay  
  54  4:47  SCV  
  54  4:48  Marauder  
  54  4:51  SCV  
  59  4:59  SCV  
  60  5:03  SCV  
  60  5:04  Marauder  
  60  5:07  Refinery  
  63  5:09  Marauder  
  63  5:11  SCV  
  63  5:13  Terran Infantry Weapons Level 1  
  66  5:14  Refinery  
  66  5:15  SCV  
  66  5:20  Supply Depot  
  67  5:24  Marine, SCV  
  67  5:25  Marauder  
  67  5:26  Engineering Bay  
  67  5:27  SCV  
  72  5:30  Marauder  
  72  5:31  Command Center  
  74  5:37  SCV  
  74  5:39  SCV  
  76  5:43  Barracks Reactor  
  76  5:45  Supply Depot  
  76  5:47  Marauder  
  76  5:49  SCV  
  79  5:51  SCV  
  79  5:52  Terran Infantry Armor Level 1, Marauder  
  82  6:00  Starport  
  82  6:01  SCV  
  82  6:04  SCV  
  84  6:08  Marauder  
  84  6:09  Concussive Shells  
  86  6:11  Supply Depot  
  86  6:13  Marine  
  87  6:19  Missile Turret  
  87  6:23  Missile Turret  
  87  6:25  Marine x2  
  88  6:28  Barracks  
  88  6:29  Marauder  
  88  6:30  Marine  
  92  6:35  Supply Depot, Medivac  
  94  6:42  Marine  
  94  6:43  SCV  
  94  6:45  SCV  
  97  6:47  SCV  
  97  6:49  Marauder  
  100  6:56  SCV  
  100  6:57  SCV  
  100  6:58  Marauder  
  104  7:03  SCV  
  104  7:04  Supply Depot  
  104  7:07  Starport Reactor  
  104  7:08  SCV  
  106  7:10  SCV, Marauder  
  106  7:15  SCV  
  110  7:20  SCV  
  110  7:21  Missile Turret  
  110  7:22  SCV  
  111  7:23  Marauder  
  111  7:27  SCV  
  108  7:32  SCV, Marauder  
  108  7:34  SCV  
  108  7:35  Missile Turret  
  112  7:37  Refinery  
  112  7:39  SCV, Supply Depot  
  112  7:43  Viking  
  115  7:44  Viking, Marauder, SCV  
  115  7:46  SCV  
  109  7:51  SCV  
  109  7:53  Marauder  
  109  7:56  SCV, Hellion  
  112  7:58  SCV  
  112  8:03  SCV  
  112  8:09  SCV  
  112  8:11  SCV  
  114  8:13  Viking  
  114  8:14  Viking  
  114  8:15  SCV  
  119  8:21  SCV  
  119  8:23  SCV  
  121  8:28  Orbital Command  
  121  8:33  Supply Depot, SCV  
  122  8:35  SCV  
  123  8:41  Siege Tank  
  123  8:43  Liberator  
  123  8:44  Liberator  
  123  8:45  SCV  
  123  8:48  SCV  
  134  8:57  SCV  
  134  8:59  Supply Depot, SCV  
  134  9:00  SCV  
  137  9:09  SCV  
  135  9:12  SCV, Marauder  
  135  9:13  Siege Tank  
  139  9:20  SCV  
  139  9:22  SCV  
  139  9:23  Supply Depot  
  139  9:24  Marauder  
  143  9:25  SCV  
  143  9:26  Liberator  
  147  9:34  Marauder  
  149  9:47  Supply Depot  
  147  9:55  Supply Depot  
  142  10:03  Siege Tank  
  142  10:06  SCV  
  139  10:07  SCV  
  139  10:08  SCV  
  139  10:14  Marine  
  140  10:15  Marine  
  140  10:18  SCV  
  140  10:19  SCV  
  141  10:21  Marine  
  141  10:23  Viking  
  141  10:24  SCV  
  141  10:27  Marine  
  141  10:28  Marine  
  130  10:30  SCV  
  130  10:31  Marine  
  130  10:32  Refinery, Viking  
  130  10:33  Marine  
  122  10:35  Siege Tank  
  122  10:38  Supply Depot  
  123  10:47  Marine, Supply Depot  
  123  10:49  Marine  
  124  10:50  Marauder  
  124  10:51  Marauder  
  124  10:53  Refinery, Liberator  
  126  10:58  Marine, SCV  
  126  10:59  Refinery  
  126  11:02  Viking  
  121  11:05  Marine  
  121  11:08  Marine, Hellion  
  121  11:11  Marine  
  122  11:12  Marine  
  122  11:14  Supply Depot  
  122  11:16  Marine  
  113  11:22  SCV  
  113  11:23  Marine  
  108  11:26  Marine  
  108  11:29  SCV, Siege Tank, Marauder  
  108  11:30  Marauder  
  108  11:32  Viking  
  112  11:34  Marine  
  112  11:35  SCV  
  112  11:36  Liberator  
  112  11:38  SCV  
  100  11:41  Marine, SCV  
  100  11:44  Marine  
  99  11:47  SCV  
  99  11:50  SCV, Marauder  
  99  11:51  Marauder  
  99  11:52  Marine  
  99  11:54  SCV  
  104  11:59  Marine, SCV  
  93  12:01  Marine, Siege Tank  
  93  12:02  Medivac  
  93  12:03  SCV  
  93  12:06  SCV  
  95  12:10  Marine  
  95  12:11  Marine, SCV  
  95  12:12  Marine  
  99  12:17  Marine  
  99  12:18  SCV  
  99  12:19  Marine, Viking  
  99  12:21  SCV  
  105  12:28  Marine  
  105  12:29  Marine  
  105  12:30  Marine, SCV  
  105  12:32  Liberator  
  105  12:33  SCV, Hellion  
  112  12:42  SCV  
  109  12:45  SCV  
  109  12:54  SCV  
  109  12:55  Supply Depot  
  107  13:11  Supply Depot  
  107  13:21  Command Center  
  107  13:23  Supply Depot  
  107  13:45  SCV  
  107  13:46  SCV  
  107  13:47  Marine, Supply Depot  
  98  13:51  Viking  
  100  13:57  Supply Depot  
  97  14:08  Marine, SCV  
  90  14:19  Factory  
  85  14:27  Barracks  
  85  14:31  Supply Depot  
  85  14:34  Supply Depot, Barracks Tech Lab  
  85  14:37  Supply Depot  
  85  14:44  Engineering Bay  
  85  14:47  Engineering Bay  
  85  14:58  Marine  
  85  15:00  SCV  
  85  15:01  SCV  
  85  15:03  Hellion  
  88  15:08  Supply Depot  
  88  15:09  Viking  
  88  15:12  Viking, SCV  
  88  15:13  SCV  
  93  15:16  Marine, Armory  
  93  15:18  Marine  
  90  15:24  SCV  
  88  15:33  Hellion  
  84  15:36  SCV  
  81  15:49  SCV  
  76  15:54  Hellion  
  11  16:39  Command Center  
  9  16:50  Command Center  
Show
View Real Time Build Order
Export as new Build Order

A.I. 6 (Medium) Protoss 

Build Orders:  

Get SALT Encoding   

  12  0:01  Probe  
  13  0:13  Probe  
  14  0:20  Pylon  
  14  0:25  Probe  
  15  0:34  Probe  
  15  0:42  Probe  
  16  0:48  Assimilator  
  17  0:51  Gateway  
  17  0:52  Probe  
  18  1:00  Pylon  
  18  1:30  Gateway  
  18  1:33  Assimilator  
  18  1:40  Zealot  
  18  1:45  Cybernetics Core  
  20  1:58  Zealot  
  22  2:21  Pylon, Warp Gate  
  22  2:23  Stalker  
  24  2:42  Stalker  
  26  2:55  Stalker  
  26  3:04  Pylon, Probe  
  29  3:16  Probe  
  29  3:19  Adept  
  32  3:27  Forge  
  32  3:28  Probe  
  33  3:38  Stalker  
  33  3:40  Probe  
  36  3:52  Probe  
  37  3:56  Stalker  
  39  4:03  Probe  
  40  4:50  Probe  
  30  5:02  Probe  
  31  5:12  Probe  
  31  5:20  Probe  
  33  5:29  Probe  
  34  5:41  Probe  
  35  5:53  Probe  
  25  6:05  Probe  
  26  6:14  Probe  
  27  6:23  Stalker, Probe  
  29  6:29  Robotics Facility  
  29  6:31  Probe  
  29  6:32  Photon Cannon  
  30  6:37  Sentry  
  30  6:38  Pylon  
  33  6:43  Photon Cannon, Probe  
  33  6:46  Stargate  
  34  6:49  Twilight Council  
  34  6:51  Adept  
  36  6:56  Probe  
  25  7:08  Probe  
  26  7:13  Observer  
  26  7:20  Probe  
  28  7:29  Observer, Zealot  
  24  7:32  Probe  
  12  7:44  Probe  
  13  7:56  Probe  
  14  8:14  Probe  
  15  8:24  Probe  
  15  8:33  Probe  
  17  8:46  Probe  
  14  8:58  Probe  
  15  9:10  Probe  
  16  9:21  Probe  
  17  9:29  Probe  
  17  9:33  Stalker  
  17  9:37  Probe  
  21  9:49  Probe  
  22  10:01  Probe  
  23  10:43  Stalker, Probe  
  24  10:55  Probe  
  25  11:07  Probe  
  26  11:19  Probe  
  26  11:24  Nexus  
  27  11:29  Probe  
  28  11:38  Probe  
  26  11:46  Probe  
  23  11:49  Stalker  
  26  11:57  Probe  
  25  12:02  Stalker  
  8  12:16  Probe  
  9  12:27  Probe  
  10  12:35  Probe  
  11  12:45  Probe  
  12  12:53  Probe  
  13  13:03  Probe  
  14  13:10  Probe  
  15  13:15  Probe  
  16  13:22  Probe  
  17  13:28  Probe  
  17  13:32  Probe  
  18  13:40  Probe x2  
  21  13:52  Probe  
  20  13:58  Stalker  
  19  14:21  Stalker, Probe  
  12  14:29  Probe  
  11  14:38  Probe  
  11  14:46  Probe  
  10  16:41  Nexus  
  10  16:52  Probe  
  11  16:56  Pylon  
  11  17:00  Pylon  
  11  17:03  Probe  
  11  17:05  Pylon  
  12  17:11  Probe  
  12  17:19  Probe  
  12  17:22  Gateway  
  13  17:29  Probe  
  15  17:41  Probe  
  16  17:49  Probe  
  17  17:59  Probe  
  17  18:01  Probe  
  19  18:16  Zealot  
  20  18:20  Probe  
  21  18:32  Probe  
  21  18:35  Cybernetics Core  
  21  18:36  Zealot  
Show
View Real Time Build Order
Export as new Build Order

A.I. 5 (Harder) Terran 

Build Orders:  

Get SALT Encoding   

  12  0:01  SCV  
  13  0:13  SCV  
  14  0:18  Supply Depot  
  14  0:25  SCV  
  15  0:40  SCV  
  16  0:44  Barracks  
  16  0:49  Refinery  
  16  0:52  SCV  
  17  1:04  SCV  
  18  1:16  SCV  
  19  1:20  Supply Depot  
  19  1:29  SCV  
  19  1:32  Marine  
  21  1:42  Orbital Command, Barracks  
  21  1:49  Refinery  
  21  1:50  Barracks Tech Lab  
  21  2:03  Factory  
  21  2:09  Marine  
  22  2:18  Supply Depot  
  22  2:27  Marine  
  23  2:34  Marine  
  24  2:44  Marine  
  27  2:51  Hellion  
  27  2:52  Marine  
  27  2:58  Supply Depot  
  28  3:02  Marine  
  31  3:13  Hellion  
  31  3:19  SCV  
  32  3:21  Supply Depot  
  32  3:31  SCV  
  35  3:34  Hellion  
  35  3:40  Engineering Bay  
  35  3:44  SCV  
  38  3:55  Hellion  
  38  3:56  SCV  
  39  4:08  SCV  
  42  4:17  Hellion  
  42  4:20  SCV  
  43  4:38  Hellion  
  45  4:50  Marauder  
  47  4:53  Supply Depot, Barracks Tech Lab  
  47  4:55  Factory  
  47  4:59  Starport  
  47  5:00  Hellion  
  47  5:02  Ghost Academy  
  49  5:07  Stimpack  
  49  5:09  Starport  
  49  5:12  Combat Shield, Marauder x2  
  53  5:21  Factory Tech Lab  
  53  5:23  Terran Infantry Weapons Level 1  
  53  5:33  Marine  
  54  5:35  Supply Depot  
  54  5:36  Marine, Starport Tech Lab  
  54  5:39  Factory Tech Lab  
  55  5:45  Starport Tech Lab  
  53  5:51  Ghost  
  53  5:54  Marine  
  54  5:59  Command Center  
  54  6:12  Marine  
  55  6:20  Marauder  
  57  6:30  Marauder  
  57  6:31  Concussive Shells  
  58  6:41  Ghost  
  60  6:51  Marine  
  60  6:52  Raven  
  62  7:02  Supply Depot  
  62  7:09  Marauder  
  62  7:12  SCV, Missile Turret  
  62  7:13  SCV  
  66  7:17  Terran Infantry Armor Level 1  
  66  7:25  SCV  
  66  7:26  SCV  
  68  7:30  Missile Turret  
  68  7:31  Refinery  
  68  7:32  Raven  
  68  7:37  SCV  
  71  7:38  SCV  
  72  7:44  Missile Turret  
  72  7:49  SCV  
  72  7:50  SCV  
  69  8:01  SCV, Missile Turret  
  69  8:03  SCV  
  71  8:13  SCV  
  71  8:15  SCV  
  73  8:25  SCV, Bunker  
  74  8:27  SCV  
  75  8:37  SCV  
  75  8:38  Sensor Tower  
  75  8:39  SCV  
  77  8:47  Siege Tank  
  80  9:02  Barracks  
  80  9:21  Command Center  
  79  9:33  Factory  
  79  9:42  Starport  
  79  9:47  Siege Tank  
  79  9:49  Barracks Reactor  
  82  9:54  Widow Mine  
  82  9:58  Supply Depot  
  84  10:13  Armory  
  84  10:16  Factory Tech Lab  
  84  10:19  Starport Reactor  
  84  10:20  Marine  
  73  10:26  Marine, Raven  
  58  10:33  Marine  
  44  10:40  Refinery, Marine  
  45  10:49  Raven  
  47  10:54  Refinery  
  46  11:00  Thor  
  52  11:07  Siege Tank  
  55  11:16  SCV, Medivac  
  55  11:17  SCV  
  58  11:20  SCV  
  58  11:24  Medivac  
  61  11:26  Marine  
  61  11:31  Viking  
  64  11:37  Viking  
  66  11:46  Viking  
  68  11:49  Marine  
  68  11:54  Medivac  
  68  11:55  Marine  
  68  11:56  Marine  
  68  12:00  Hellion  
  72  12:01  Viking  
  72  12:05  Hellion  
  72  12:07  SCV  
  76  12:10  Marine  
  76  12:11  Marine  
  76  12:15  SCV  
  74  12:17  SCV  
  75  12:23  Raven  
  75  12:24  Marine  
  75  12:28  Marine  
  68  13:07  Marauder  
  68  13:09  Marine  
  68  13:11  Marine  
  54  13:14  Marine  
  54  13:19  SCV  
  48  13:26  Marine  
  49  13:29  Marauder  
  49  13:33  SCV  
  52  13:35  SCV  
  52  13:42  Marine  
  52  13:45  SCV  
  52  13:47  SCV  
  55  13:50  Marine x2  
  57  13:57  SCV  
  57  14:02  SCV  
  59  14:06  Marine  
  59  14:09  SCV  
  60  14:14  SCV  
  59  14:17  Marine  
  59  14:21  Marine  
  45  14:32  Viking  
  45  14:33  Command Center  
  45  14:35  Marine  
  46  14:46  Viking  
  41  15:03  Barracks  
  35  15:19  Supply Depot  
  18  15:50  Marine  
  19  16:01  SCV  
  20  16:05  SCV  
  20  16:07  Marine  
  21  16:17  SCV  
  21  16:28  Command Center  
Show
View Real Time Build Order
Export as new Build Order

A.I. 4 (Hard) Terran 

Build Orders:  

Get SALT Encoding   

  12  0:01  SCV  
  13  0:13  SCV  
  14  0:18  Supply Depot  
  14  0:25  SCV  
  15  0:40  SCV  
  16  0:44  Barracks  
  16  0:49  Refinery  
  16  0:52  SCV  
  18  1:04  SCV  
  18  1:16  SCV  
  19  1:22  Supply Depot  
  19  1:28  SCV  
  19  1:31  Marine  
  21  1:41  Orbital Command, Barracks  
  21  1:49  Refinery  
  21  1:50  Barracks Tech Lab  
  21  2:07  Supply Depot  
  21  2:09  Marine  
  22  2:26  Marine  
  23  2:30  Marine  
  24  2:40  Supply Depot  
  24  2:44  Marine  
  24  2:49  Marine  
  26  3:02  Marine  
  27  3:07  Marine  
  28  3:14  Supply Depot  
  28  3:15  SCV  
  29  3:20  Marine  
  29  3:26  Marine  
  31  3:27  SCV  
  31  3:29  Engineering Bay  
  32  3:38  Marauder  
  32  3:39  SCV  
  35  3:45  Marine  
  36  3:52  SCV  
  37  3:59  Marine  
  38  4:04  SCV  
  39  4:16  SCV  
  40  4:17  Marauder  
  42  4:39  Marauder  
  44  5:00  Marauder  
  46  5:21  Marauder  
  47  6:26  Barracks Tech Lab  
  47  6:27  Stimpack  
  47  6:28  Factory  
  47  6:29  Terran Infantry Weapons Level 1  
  47  6:31  Factory  
  47  6:35  Missile Turret  
  47  6:37  Missile Turret  
  47  6:39  Supply Depot  
  47  6:43  Barracks, Combat Shield  
  47  6:44  Command Center  
  47  6:59  Bunker  
  47  7:05  Supply Depot  
  47  7:13  Starport  
  47  7:17  Armory  
  47  7:21  Starport  
  47  7:22  Factory Tech Lab x2  
  44  7:41  Siege Tank  
  47  7:51  Starport Tech Lab  
  47  7:54  Cyclone  
  47  7:58  SCV  
  50  7:59  SCV  
  50  8:02  Concussive Shells  
  48  8:06  Viking  
  48  8:10  SCV, Raven  
  48  8:11  Refinery, SCV  
  49  8:15  Missile Turret  
  49  8:18  Thor  
  49  8:19  Missile Turret  
  49  8:22  Refinery, SCV  
  49  8:23  Terran Infantry Armor Level 1  
  49  8:24  SCV  
  47  8:34  SCV  
  47  8:36  SCV, Starport Tech Lab  
  49  8:41  Bunker  
  49  8:46  SCV  
  49  8:47  Siege Tank  
  49  8:48  SCV  
  54  8:58  SCV  
  54  9:00  SCV  
  56  9:10  SCV  
  56  9:12  SCV  
  58  9:22  SCV  
  59  9:24  SCV  
  60  9:35  SCV  
  60  9:36  SCV  
  62  9:39  Raven  
  64  9:47  SCV  
  64  9:49  SCV  
  66  9:57  Barracks Reactor, Sensor Tower  
  66  9:59  SCV  
  67  10:01  SCV  
  68  10:11  SCV  
  68  10:13  SCV  
  69  10:23  SCV  
  69  10:25  SCV  
  71  10:35  SCV  
  72  10:37  SCV  
  73  10:47  SCV  
  73  10:49  SCV  
  75  10:59  SCV  
  75  11:01  SCV  
  75  11:03  Supply Depot  
  77  11:09  Reaper, Medivac x2  
  82  11:11  SCV  
  83  11:21  Terran Infantry Weapons Level 2  
  83  11:24  Marine  
  84  11:28  Marine, Supply Depot  
  84  11:32  Marine  
  86  11:34  Command Center  
  86  11:35  SCV  
  86  11:37  SCV  
  86  11:39  Raven, Medivac  
  92  11:40  Marine  
  92  11:42  Marine  
  92  11:46  Marine  
  87  11:50  Marine  
  87  11:52  Hellion  
  89  11:59  Reaper  
  89  12:00  Marine  
  91  12:06  Ghost Academy  
  91  12:08  Reaper, SCV  
  92  12:09  Viking  
  92  12:13  Marine  
  92  12:14  Supply Depot  
  85  12:18  Marine  
  78  12:30  Marine  
  78  12:31  Marine  
  78  12:36  Marine  
  81  12:39  Marine, SCV  
  80  12:48  Marine  
  80  12:49  Marine  
  77  12:53  Marine  
  77  12:55  Command Center  
  77  12:57  Marine  
  77  13:06  Marine  
  77  13:11  Marine x2  
  71  13:16  Marine  
  70  13:24  Marine  
  71  13:29  Reaper, Marine  
  71  13:30  SCV  
  71  13:33  Marine, SCV  
  76  13:35  SCV  
  77  13:42  SCV, Marauder  
  77  13:45  SCV  
  77  13:46  Raven  
  77  13:47  Marine  
  77  13:48  SCV  
  82  13:51  Marine  
  82  13:55  SCV  
  82  13:57  SCV  
  82  14:00  SCV  
  82  14:01  Reaper  
  85  14:03  Medivac  
  85  14:04  Marauder, Ghost  
  85  14:07  SCV  
  85  14:08  SCV  
  85  14:09  Marine  
  91  14:10  SCV  
  91  14:12  SCV  
  77  14:24  Marine  
  77  14:27  Marine  
  77  14:29  Raven  
  77  14:33  Marine  
  77  14:34  Marauder  
  75  14:43  Marauder  
  75  14:45  Marine  
  67  14:48  Siege Tank  
  67  14:52  SCV, Viking  
  70  14:54  SCV  
  70  14:56  Marine, SCV  
  73  15:01  Marine  
  73  15:06  Siege Tank  
  77  15:11  Marauder  
  79  15:15  Marauder  
  79  15:19  Thor  
  84  15:23  Viking  
  84  15:28  Banshee  
  89  15:38  Widow Mine  
  90  15:58  Viking  
  90  15:59  Thor  
  90  16:03  Siege Tank  
  104  16:11  SCV  
  104  16:13  SCV  
  104  16:16  SCV  
  104  16:17  SCV  
  108  16:23  SCV  
  108  16:25  SCV  
  108  16:28  SCV  
  108  16:30  SCV  
  104  16:34  Marine  
  104  16:36  Widow Mine  
  104  16:38  Marine  
  24  17:15  Supply Depot  
  20  17:17  Refinery  
  20  17:36  SCV  
  21  17:39  SCV  
  22  17:51  SCV  
  10  18:09  Command Center  
Show
View Real Time Build Order
Export as new Build Order

Throwfordays Protoss - Winner!

Build Orders: Oracle Opening, Carriers 

Get SALT Encoding   

  12  0:01  Probe  
  13  0:13  Probe  
  14  0:17  Pylon  
  14  0:26  Probe  
  15  0:37  Gateway  
  15  0:38  Probe  
  16  0:50  Probe  
  16  0:54  Assimilator  
  17  1:02  Assimilator  
  17  1:03  Probe  
  18  1:15  Probe  
  19  1:29  Cybernetics Core  
  19  1:31  Probe (Chrono Boost)  
  20  1:41  Probe (Chrono Boost)  
  20  1:46  Probe (Chrono Boost)  
  22  1:57  Nexus  
  22  1:59  Pylon  
  22  2:03  Probe  
  23  2:12  Stargate  
  23  2:17  Probe  
  24  2:30  Probe (Chrono Boost)  
  25  2:41  Probe (Chrono Boost)  
  26  2:46  Probe (Chrono Boost)  
  26  2:48  Stargate  
  27  2:56  Probe  
  28  3:02  Protoss Air Weapons Level 1 (Chrono Boost)  
  28  3:06  Pylon  
  28  3:10  Probe (Chrono Boost)  
  29  3:15  Probe (Chrono Boost)  
  30  3:20  Pylon  
  30  3:25  Probe (Chrono Boost)  
  30  3:26  Assimilator, Probe (Chrono Boost)  
  32  3:30  Probe (Chrono Boost)  
  32  3:32  Assimilator  
  33  3:36  Oracle  
  36  3:41  Probe  
  36  3:45  Oracle  
  40  3:50  Probe  
  40  3:53  Probe  
  42  4:03  Probe  
  42  4:05  Probe  
  44  4:15  Probe  
  45  4:18  Probe  
  45  4:19  Nexus  
  45  4:20  Pylon  
  45  4:23  Assimilator  
  46  4:27  Assimilator  
  46  4:31  Probe  
  47  4:42  Probe  
  47  4:43  Probe  
  49  4:54  Probe  
  49  4:55  Probe  
  51  5:06  Probe  
  52  5:07  Probe  
  53  5:16  Pylon  
  53  5:18  Probe  
  53  5:19  Pylon, Probe  
  55  5:31  Probe (Chrono Boost)  
  55  5:33  Pylon  
  58  5:36  Probe (Chrono Boost)  
  58  5:37  Oracle x2, Probe (Chrono Boost)  
  58  5:41  Probe (Chrono Boost)  
  65  5:44  Probe (Chrono Boost)  
  65  5:45  Probe (Chrono Boost)  
  66  5:55  Probe  
  67  5:57  Probe  
  68  6:07  Probe  
  68  6:09  Probe  
  70  6:17  Forge  
  70  6:18  Forge  
  70  6:21  Fleet Beacon  
  70  6:23  Stargate  
  70  6:26  Probe  
  70  6:27  Stargate  
  70  6:31  Pylon  
  71  6:36  Probe  
  71  6:39  Probe  
  73  6:40  Probe  
  74  6:47  Pylon  
  74  6:48  Probe  
  74  6:51  Probe  
  74  6:52  Probe  
  77  7:00  Probe  
  77  7:01  Protoss Air Armor Level 1  
  78  7:03  Probe  
  79  7:15  Probe  
  80  7:44  Tempest x2  
  80  7:45  Tempest x2  
  100  8:00  Protoss Shields Level 1  
  100  8:05  Cybernetics Core  
  100  8:38  Tempest  
  100  8:39  Tempest x3  
  120  8:56  Nexus  
  120  8:58  Pylon  
  120  9:01  Assimilator  
  120  9:03  Assimilator  
  120  9:05  Unknown  
  120  9:21  Pylon  
  120  9:22  Pylon  
  120  9:23  Pylon  
  120  9:24  Pylon  
  120  9:33  Tempest x2  
  130  9:39  Tempest x2  
  140  11:00  Twilight Council  
  140  11:11  Protoss Air Armor Level 2 (Chrono Boost)  
  140  11:12  Protoss Air Weapons Level 2 (Chrono Boost)  
  140  12:04  Protoss Shields Level 2  
  140  12:08  Carrier x3  
  158  12:09  Carrier  
  158  12:12  Pylon  
  158  12:15  Pylon  
  164  13:22  Carrier  
  164  13:23  Carrier x3  
  188  13:43  Protoss Air Weapons Level 3  
  188  13:44  Protoss Air Armor Level 3  
  188  14:57  Pylon  
  188  14:58  Pylon  
  188  16:39  Protoss Ground Weapons Level 1  
Show
View Real Time Build Order
Export as new Build Order

Breakfast Terran - Winner!

Build Orders:  

Get SALT Encoding   

  12  0:06  SCV  
  13  0:19  SCV  
  14  0:28  Supply Depot  
  14  0:31  SCV  
  15  0:41  Supply Depot  
  15  0:54  Refinery  
  15  1:01  SCV  
  16  1:06  Barracks  
  16  1:13  SCV  
  16  1:16  Engineering Bay  
  17  1:25  SCV  
  18  1:37  SCV  
  19  1:50  SCV  
  20  1:55  Barracks  
  20  2:05  Barracks  
  20  2:06  Marine  
  21  2:14  SCV  
  22  2:19  Refinery  
  22  2:24  Marine  
  22  2:26  SCV, Terran Infantry Weapons Level 1  
  24  2:41  SCV  
  24  2:42  Marine  
  26  2:52  Marine x2  
  26  2:54  SCV  
  26  2:57  Engineering Bay  
  29  3:00  Marine  
  30  3:08  Factory  
  31  3:15  Orbital Command  
  31  3:22  Barracks Tech Lab  
  30  3:27  Marine  
  31  3:57  Supply Depot  
  31  4:10  Terran Infantry Armor Level 1  
  31  4:18  Marine x3  
  31  4:19  Supply Depot  
  34  4:36  Marine x3  
  37  4:40  Command Center  
  37  4:41  Supply Depot  
  37  4:54  Marine x3  
  40  5:12  Marine  
  40  5:14  Barracks Reactor  
  41  5:33  Barracks Reactor  
  41  5:35  Marine  
  42  5:39  Stimpack  
  42  5:53  Marine  
  43  6:10  Marine  
  44  6:11  Marine x4  
  48  6:22  Armory  
  48  6:28  Marine  
  48  6:29  Marine x4  
  53  6:37  SCV  
  54  6:46  Marine  
  54  6:47  Marine x4  
  55  6:49  SCV  
  60  7:01  SCV  
  60  7:04  Marine x2  
  60  7:05  Marine x2  
  65  7:12  Marine  
  66  7:16  Terran Infantry Weapons Level 2  
  66  7:18  Combat Shield  
  66  7:22  Marine x3  
  67  7:23  Marine  
  70  7:36  Supply Depot  
  70  7:37  Supply Depot  
  70  7:39  Supply Depot  
  70  7:51  Planetary Fortress  
  70  7:57  Marine x5  
  75  8:15  Marine x4  
  79  8:35  Starport  
  79  8:39  Starport  
  79  8:47  SCV  
  80  8:59  Terran Infantry Armor Level 2, SCV  
  81  9:07  SCV  
  82  9:11  SCV  
  82  9:14  Starport Reactor  
  83  9:17  Starport Reactor  
  83  9:19  SCV  
  83  9:23  SCV  
  85  9:35  SCV  
  85  9:36  Refinery x2  
  86  9:38  Marine x2  
  86  9:39  Marine x3  
  91  9:56  Marine x3, Medivac x2  
  91  9:57  Marine x2  
  91  9:58  Medivac x2  
  104  10:14  Marine x4  
  104  10:15  Marine  
  109  10:32  Marine  
  110  10:52  Supply Depot  
  110  10:55  Supply Depot  
  110  10:57  Supply Depot  
  110  11:13  Marine x3, Viking x2  
  110  11:14  SCV  
  110  11:16  Marine, Supply Depot, Viking x2  
  123  11:19  Supply Depot  
  123  11:21  Supply Depot  
  123  11:26  SCV  
  124  11:39  Supply Depot  
  124  11:43  Viking  
  124  11:46  Viking  
  114  12:12  Marine x5  
  119  12:17  Viking x2  
  123  12:25  Terran Infantry Weapons Level 3  
  123  12:30  Marine x5  
  123  12:35  Terran Infantry Armor Level 3  
  128  12:47  Marine  
  128  12:48  Marine x4  
  133  13:05  Marine  
  133  13:06  Marine x2  
  136  13:22  Marine  
  136  13:23  Marine x2  
  136  13:24  Marine x2  
  141  13:40  Marine  
  141  13:41  Marine x3  
  142  13:42  Marine  
  146  13:58  Marine  
  146  13:59  Marine x4  
  149  14:16  Marine x2  
  149  14:17  Marine x3  
  85  14:35  Marine  
  86  14:39  Marine x3  
  86  14:40  Marine  
  86  14:45  Viking x4  
  94  14:52  Terran Vehicle Weapons Level 1  
  98  14:53  Marine  
  98  14:57  Marine x4  
  103  15:11  Marine  
  104  15:15  Marine x4, Viking x3  
  114  15:28  Marine  
  114  15:32  Marine  
  114  15:33  Marine x2  
  118  16:00  Command Center  
  116  18:16  Marine x5  
  121  18:20  Viking  
Show
View Real Time Build Order
Export as new Build Order

Prometheus Zerg - Winner!

Build Orders: Pool First 

Get SALT Encoding   

  12  0:03  Drone  
  13  0:19  Drone  
  14  0:23  Overlord  
  14  0:45  Extractor, Drone  
  14  0:46  Drone x2  
  16  1:00  Drone  
  17  1:07  Spawning Pool  
  17  1:10  Drone  
  17  1:27  Drone  
  17  1:28  Drone  
  19  1:33  Hatchery  
  18  1:42  Drone  
  19  2:02  Drone x2  
  21  2:10  Extractor  
  21  2:13  Overlord  
  20  2:27  Drone  
  21  2:38  Drone  
  21  2:41  Queen  
  24  2:45  Queen  
  24  2:48  Drone  
  27  2:55  Drone  
  27  2:56  Drone x2  
  30  3:07  Extractor  
  30  3:10  Extractor  
  30  3:12  Drone  
  29  3:14  Drone  
  30  3:47  Hatchery, Drone x2  
  30  3:48  Drone  
  32  4:00  Drone x4  
  36  4:05  Overlord x2  
  36  4:36  Roach Warren  
  35  4:49  Drone  
  35  4:50  Drone x3  
  39  4:53  Drone x3  
  42  5:14  Queen  
  42  5:18  Roach x2  
  42  5:19  Roach  
  42  5:20  Roach  
  42  5:21  Roach  
  54  5:41  Roach x2  
  58  6:02  Overlord x3  
  58  6:22  Roach x6  
  70  6:29  Roach x4  
  70  6:31  Roach x2  
  82  6:35  Overlord  
  82  6:40  Lair  
  82  6:55  Roach x3  
  82  6:56  Roach  
  90  7:16  Overlord x5  
  86  7:42  Hatchery  
  85  7:50  Hatchery  
  86  7:58  Roach x3  
  86  7:59  Roach x3  
  86  8:00  Roach  
  86  8:01  Roach x4  
  86  8:03  Roach  
  86  8:04  Roach x2  
  112  8:46  Hatchery  
  111  8:49  Roach  
  111  8:50  Roach x8  
  129  9:18  Roach x5  
  129  9:20  Overlord x3  
  129  9:21  Overlord  
  139  9:25  Glial Reconstitution  
  139  9:35  Drone  
  139  9:36  Drone  
  141  9:49  Roach x4  
  121  10:38  Drone x3  
  121  10:41  Queen  
  126  10:44  Tunneling Claws  
  126  10:55  Zergling x4  
  126  10:56  Zergling x14  
  135  11:05  Drone  
  135  11:06  Zergling x10  
  135  11:10  Zergling x12  
  148  11:11  Drone  
  148  11:12  Zergling x2  
  149  11:38  Drone x3, Evolution Chamber  
  151  11:48  Zergling x10  
  151  11:49  Zergling x4  
  153  12:41  Zerg Melee Weapons Level 1  
  153  12:42  Metabolic Boost  
  150  12:45  Zergling x6  
  150  12:46  Zergling x6  
  150  12:49  Roach x3  
  150  12:50  Roach x3  
  72  13:35  Roach x5  
  72  13:36  Roach x4  
  72  13:41  Roach x3  
  96  13:43  Roach x6  
  108  14:11  Drone  
  108  14:12  Drone x2  
  94  14:39  Hatchery  
  93  14:46  Roach x2  
  93  14:47  Roach  
  93  14:49  Roach x4  
  93  14:50  Roach x2  
  110  14:56  Roach  
  110  14:57  Roach x2  
  110  14:58  Roach x3  
  122  15:15  Roach x4  
  122  15:17  Roach x2  
  122  15:20  Roach  
  136  15:24  Roach x2  
  136  15:25  Roach x2  
  144  15:39  Roach x5  
  144  15:41  Roach x2  
  158  15:56  Drone x3  
  161  15:58  Drone  
  161  15:59  Queen  
  164  16:07  Zerg Missile Weapons Level 1  
  164  16:30  Drone x3  
  167  16:35  Queen, Zergling x2  
  167  16:36  Zergling x16  
  167  16:37  Zergling x6  
  181  16:57  Ravager x5  
  186  17:34  Overlord x2  
  186  17:35  Overlord  
Show
View Real Time Build Order
Export as new Build Order

Faust Zerg - Winner!

Build Orders: Hatch First 

Get SALT Encoding   

  12  0:04  Drone  
  13  0:09  Drone  
  14  0:15  Extractor  
  14  0:16  Drone  
  15  0:43  Overlord  
  15  0:55  Hatchery  
  14  1:02  Drone x2  
  16  1:06  Extractor  
  16  1:07  Drone  
  16  1:16  Drone  
  17  1:32  Spawning Pool, Drone  
  17  1:46  Drone  
  18  1:50  Drone  
  19  2:09  Drone x2  
  19  2:14  Hatchery  
  19  2:15  Drone  
  21  2:18  Overlord  
  21  2:23  Metabolic Boost  
  21  2:30  Queen  
  21  2:34  Drone  
  21  2:36  Drone  
  25  2:45  Queen  
  27  2:51  Overlord  
  27  3:02  Overlord  
  27  3:04  Drone  
  27  3:05  Drone  
  29  3:11  Zergling x4  
  31  3:14  Zergling x2  
  32  3:21  Lair  
  32  3:30  Queen  
  32  3:32  Drone  
  32  3:33  Drone  
  36  3:36  Drone  
  37  3:45  Drone x2  
  37  3:47  Drone x3  
  42  3:52  Overlord  
  42  4:04  Drone x2  
  42  4:09  Drone  
  45  4:11  Queen, Extractor  
  45  4:12  Overlord  
  46  4:20  Drone  
  46  4:23  Drone  
  46  4:24  Extractor  
  47  4:28  Extractor, Drone  
  47  4:30  Drone x3  
  47  4:31  Overlord x2  
  50  4:36  Drone  
  50  4:37  Drone x2  
  53  4:41  Drone x2  
  53  4:43  Drone  
  56  4:59  Extractor  
  55  5:02  Drone, Spire  
  55  5:03  Drone x7  
  62  5:14  Overlord x3  
  62  5:21  Evolution Chamber  
  61  5:22  Evolution Chamber  
  61  5:26  Drone x2  
  61  5:27  Drone  
  61  5:28  Overlord  
  63  5:30  Drone  
  63  5:31  Drone  
  65  5:46  Zergling x2  
  65  5:47  Zergling x14  
  70  6:03  Drone  
  70  6:04  Drone x6  
  76  6:18  Drone x2  
  78  6:20  Extractor, Drone x2  
  78  6:21  Drone  
  80  6:28  Zerg Flyer Weapons Level 1  
  80  6:31  Mutalisk  
  82  6:32  Mutalisk  
  82  6:33  Mutalisk x4  
  82  6:37  Mutalisk x2  
  82  6:38  Mutalisk  
  98  6:45  Queen  
  100  6:49  Mutalisk x5  
  100  6:52  Drone x3  
  100  6:53  Overlord  
  113  6:58  Pneumatized Carapace  
  113  7:19  Mutalisk  
  113  7:20  Mutalisk x3  
  121  7:25  Overlord x5  
  117  7:45  Extractor, Hatchery  
  117  7:48  Extractor  
  103  8:02  Mutalisk  
  103  8:03  Mutalisk x6  
  103  8:15  Mutalisk x2  
  107  8:27  Mutalisk x2  
  109  8:38  Mutalisk  
  109  8:39  Zergling x2  
  109  8:40  Zergling x12  
  112  8:54  Drone x3  
  115  8:56  Queen  
  117  9:09  Mutalisk  
  117  9:10  Mutalisk x5  
  117  9:13  Zergling x4  
  131  9:21  Hatchery  
  131  9:22  Drone  
  131  9:23  Drone x2  
  133  9:24  Hatchery, Drone  
  133  9:25  Drone x5  
  138  9:41  Zergling x16  
  146  9:47  Baneling Nest  
  146  9:52  Zergling x2  
  146  9:53  Zergling x6  
  149  10:00  Drone  
  149  10:01  Drone x2  
  149  10:02  Drone x3  
  139  10:28  Mutalisk  
  139  10:29  Mutalisk x11  
  163  10:54  Zergling x2  
  163  10:55  Zergling x6, Drone  
  163  10:56  Drone x11  
  179  11:02  Overlord x3  
  179  11:09  Hatchery  
  179  11:10  Extractor  
  177  11:12  Extractor  
  174  11:48  Mutalisk x12  
  169  12:21  Mutalisk  
  169  12:22  Mutalisk x11  
  145  12:25  Zergling x2  
  164  12:35  Drone x3  
  167  12:37  Drone  
  167  12:38  Drone x2  
  170  12:46  Zerg Flyer Weapons Level 2  
  170  12:47  Zerg Melee Weapons Level 1  
  170  12:48  Zerg Ground Armor Level 1  
  170  12:52  Spire  
  169  13:01  Zergling x10  
  169  13:02  Zergling x16  
  182  13:15  Baneling  
  182  13:16  Baneling x9  
  182  13:20  Centrifical Hooks  
  117  14:01  Baneling  
  117  14:02  Baneling x13  
  117  14:03  Baneling x12  
  117  14:08  Zerg Flyer Armor Level 1  
  117  14:32  Infestation Pit  
  117  14:35  Nydus Network  
  102  15:50  Swarm Host  
  102  15:51  Swarm Host x20  
  102  15:52  Swarm Host x11  
  198  16:16  Drone  
  198  16:17  Drone  
  200  16:32  Zerg Ground Armor Level 2  
  200  16:33  Zerg Missile Weapons Level 1  
  200  16:43  Nydus Canal  
  200  17:24  Nydus Canal  
Tags
 
Add a new tag
Caveats
  • Supply blocks, unpowered buildings, or Contaminate may cause inaccurate times.
  • Supply counts are checked every 10 seconds.